 Dungeon Crawl Stone Soup version 0.32-a0-995-gb4a59205af (webtiles) character file.

Game seed: 7094056926174548691

299 jasper the Ruffian (level 6, 0/49 HPs)
             Began as a Merfolk Fighter on Apr 22, 2024.
             Slain by a black bear (10 damage)
             ... on level 4 of the Dungeon.
             The game lasted 00:03:54 (3071 turns).

jasper the Ruffian (Merfolk Fighter)                Turns: 3071, Time: 00:03:55

Health: 0/49       AC:  8    Str: 16    XL:     6   Next: 36%
Magic:  6/6        EV:  8    Int:  8    God:
Gold:   85         SH:  6    Dex: 15    Spells: 5/5 levels left

rFire   . .          .
                       - Unarmed
rCold   . . .        b - +1 buckler
rNeg    . . .        a - +0 scale mail
rPois   .            e - +1 helmet
rElec   .            (no cloak)
rCorr   .            (no gloves)
SInv    .            (no boots)
Will    .....        (no amulet)
Stlth   +            (no ring)
HPRegen 0.28/turn    (no ring)
MPRegen 0.10/turn

%: no passive effects
@: no status effects
A: (nimble swimmer 2), mertail
a: no special abilities


You were on level 4 of the Dungeon.
You visited 1 branch of the dungeon, and saw 4 of its levels.

You collected 85 gold pieces.

Inventory:

Missiles
 f - 2 stones (quivered)
 h - 6 atropa-tipped darts
Armour
 a - a +0 scale mail (worn)
 b - a +1 buckler (worn)
 e - a +1 helmet (worn)
Scrolls
 i - a scroll of amnesia {unknown}
 l - a scroll of revelation {unknown}
 n - a scroll of identify
Potions
 d - a potion of berserk rage {unknown}
 g - a potion of mutation
 k - a potion of attraction {unknown}
 m - a potion of brilliance {unknown}
 o - 2 potions of degeneration {unknown}


   Skills:
 + Level 4.4 Fighting
 - Level 2.1 Armour
 + Level 2.1 Dodging
 - Level 2.1 Stealth
 + Level 4.0 Shields
 * Level 4.7 Unarmed Combat


You had 5 spell levels left.
You didn't know any spells.
Your spell library was empty.

Dungeon Overview and Level Annotations

Branches:
Dungeon (4/15)
 Temple: D:4-7

Altars:
Ashenzari
Dithmenos

Annotations:
D:4 1 runed translucent door, DimondSprtn's ghost, amateur CoHu


Innate Abilities, Weirdness & Mutations

((You are very nimble when in or above water. (Stealth+, EV+, Speed+++)))
Your lower body shifts to a powerful aquatic tail in water.


Message History

The black bear is heavily wounded.
The black bear bites you. The black bear claws you. x2
You take 4 damage, and have 35/49 hp.
You hit the black bear.
The black bear is heavily wounded.
The black bear completely misses you. The black bear closely misses you. x2
You hit the black bear.
The black bear is severely wounded.
The black bear goes berserk!
You hit the black bear.
The black bear is severely wounded.
The black bear bites you! You block the black bear's attack.
The black bear claws you but does no damage.
The black bear bites you!
The black bear claws you but does no damage.
The black bear barely misses you.
You take 20 damage, and have 16/49 hp.
MASSIVE DAMAGE!!
You hit the black bear but do no damage.
The black bear is severely wounded.
The black bear bites you!
* * * LOW HITPOINT WARNING * * *
The black bear closely misses you. The black bear claws you.
* * * LOW HITPOINT WARNING * * *
You take 12 damage, and have 4/49 hp.
MASSIVE DAMAGE!!
You completely miss the black bear.
The black bear is severely wounded.
The black bear closely misses you.
The black bear claws you but does no damage.
You block the black bear's attack.
The black bear bites you but does no damage.
The black bear claws you but does no damage.
The black bear barely misses you.
You feel better.
The black bear bites you but does no damage.
The black bear claws you but does no damage. x2
You regained 5 hp, and now have 10/49 hp.
You hit the black bear but do no damage.
The black bear is severely wounded.
The black bear bites you!
You die...

#....†.##.....###
#......##.......#
.....#.....#...##
.....##......###
............###
......#.##....#####
.....##...#.......####
.....###......#......#
.....#
#...#.###@###..#
.............# #h#
..........#### #l.
....# .... .... .⌠...
.....## ##..## #.## .


You could see a black bear (berserk) and an iguana.

Vanquished Creatures
  An ogre (D:4)
  A bombardier beetle (D:3)
  2 sleepcaps (D:4)
  7 adders
  A dart slug (D:2)
  A ribbon worm (D:2)
  4 orcs
  4 ball pythons
  An endoplasm (D:4)
  A giant cockroach (D:3)
  6 goblins
  3 hobgoblins
  4 jackals (D:1)
  2 kobolds
  7 quokkas
  6 bats
  A frilled lizard (D:1)
  6 rats
58 creatures vanquished.

Notes
Turn   | Place    | Note
-------+----------+-------------------------------------------
     0 | D:1      | jasper the Merfolk Fighter began the quest for the Orb.
     0 | D:1      | Reached XP level 1. HP: 18/18 MP: 1/1
   436 | D:1      | Reached XP level 2. HP: 21/24 MP: 2/2
   975 | D:2      | Reached skill level 1 in Stealth
  1005 | D:2      | Reached XP level 3. HP: 29/29 MP: 3/3
  1364 | D:2      | Reached XP level 4. HP: 32/37 MP: 4/4
  1454 | D:2      | Found a faded altar of an unknown god.
  1975 | D:3      | Reached XP level 5. HP: 23/42 MP: 5/5
  2115 | D:3      | Found a broken altar of Ashenzari.
  2189 | D:3      | Found a shadowy altar of Dithmenos.
  2580 | D:4      | Reached skill level 1 in Dodging
  2776 | D:4      | Found a runed translucent door.
  2777 | D:4      | Noticed DimondSprtn's ghost (amateur CoHu)
  2939 | D:4      | Noticed an ogre
  2947 | D:4      | Killed an ogre
  2948 | D:4      | Reached XP level 6. HP: 26/49 MP: 6/6
  3056 | D:4      | Noticed a black bear
  3071 | D:4      | Slain by a black bear

Illustrated notes

Levels and vault maps discovered:
D:1:      dpeg_arrival_arbitrary_c, layout_loops_corners
D:2:      layout_basic, dreamdust_ecumenical_altar_angels_and_demons
D:3:      layout_basic, lemuel_crystal_altar, overflow_temple_1_default
D:4:      layout_cave_pools, ebering_ghost_sewer_d, grunt_ministairs_14

Skill      XL: |  1  2  3  4  5 |
---------------+----------------+-----
Stealth        | 1 2 |  2.1
Unarmed Combat | 3 4 |  4.7
Fighting       | 4 |  4.4
Dodging        | 2 |  2.1
Shields        | 4 |  4.0
Armour         | |  2.1

Action                     |  1- 3 |  4- 6 || total
---------------------------+-------+-------++-------
  Melee: Unarmed           |   125 |   156 ||   281
  Throw: Stone             |       |    16 ||    16
    Use: Scroll            |       |     5 ||     5
         Potion            |       |     2 ||     2
 Armour: Scale mail        |    72 |   116 ||   188
  Dodge: Dodged            |    43 |    62 ||   105
  Block: Buckler           |    24 |    52 ||    76

Table legend: (Time is in decaauts)
 A = Elapsed time spent in this place.
 B = Non-inter-level travel time spent in this place.
 C = Inter-level travel time spent in this place.
 D = Time resting spent in this place.
 E = Time spent auto-exploring this place.
 F = Levels seen in this place.
 G = Mean time per level.
                   A        B        C        D        E       F      G
               +--------+--------+--------+--------+--------+-----+--------+
         Total |   3064 |   2953 |    111 |    203 |   2111 |   4 |  766.0 |
       Dungeon |   3064 |   2953 |    111 |    203 |   2111 |   4 |  766.0 |
               +--------+--------+--------+--------+--------+-----+--------+

Top non-repeatable levels by time:
     D:1: 956 daAuts
     D:2: 846 daAuts
     D:3: 641 daAuts
     D:4: 619 daAuts
